 Dungeon Crawl Stone Soup version 0.30-a0-509-gd016549fea (webtiles) character file.

Game seed: 14249074482871325762

8500 Borgoz the Fighter (level 11, -2/108 HPs)
             Began as a Gargoyle Berserker on Dec 22, 2022.
             Was an Elder of Trog.
             Slain by a large abomination (8 damage)
             ... on level 1 of the Abyss.
             The game lasted 00:15:21 (8644 turns).

Borgoz the Fighter (Gargoyle Berserker)             Turns: 8644, Time: 00:15:21

Health: -2/108     AC: 23    Str: 22    XL:     11   Next: 31%
Magic:  8/8        EV: 14    Int:  4    God:    Trog [****..]
Gold:   38         SH:  5    Dex: 19    Spells: 10/10 levels left

rFire   . . .      SeeInvis .    b - +0 flail (drain)
rCold   + . .      Faith    .    (no shield)
rNeg    + + +      Spirit   .    G - +6 scale mail of the Equinox {Regen+ Stlth+}
rPois   ∞          Reflect  +    j - +0 helmet
rElec   +          Harm     .    f - +0 cloak of Unreason {-Cast rC+ rN++ Dex+2}
rCorr   +          Rampage  .    h - +0 pair of gloves
Will    +....      NoCast   +    (no boots)
Stlth   ..........               y - amulet of reflection
HPRegen 1.18/turn                i - ring of flight
MPRegen 0.11/turn                n - ring of Moral Flaws {Will+ rCorr Int-3 Dex+4}

@: berserking (expiring), flying, very quick
A: sickness immunity, AC +8, negative energy resistance 1, electricity
resistance, torment resistance 1, petrification resistance, [deformed body],
[low MP 2]
a: Renounce Religion, Berserk, Trog's Hand, Brothers in Arms


You were on level 1 of the Abyss.
You worshipped Trog.
Trog was greatly pleased with you.
You visited 2 branches of the dungeon, and saw 10 of its levels.
You visited the Abyss 1 time.
You also visited: Sewer.

You collected 375 gold pieces.
You spent 337 gold pieces at shops.

Inventory:

Hand Weapons
 a - a +1 morningstar
 b - a +0 flail of draining (weapon)
Missiles
 I - 2 throwing nets (quivered)
Armour
 f - the +0 cloak of Unreason (worn) {-Cast rC+ rN++ Dex+2}
   (You found it on level 8 of the Dungeon)

   Dex:       It affects your dexterity (+2).
   rC:        It protects you from cold.
   rN:        It greatly protects you from negative energy.
   -Cast:     It prevents spellcasting.
 h - a +0 pair of gloves (worn)
 j - a +0 helmet (worn)
 r - a +1 cloak of preservation
 G - the +6 scale mail of the Equinox (worn) {Regen+ Stlth+}
   (You bought it in a shop on level 4 of the Dungeon)

   Regen:     It increases your rate of health regeneration.
   Stlth:     It makes you more stealthy.
Jewellery
 i - a ring of flight (left hand)
 n - the ring of Moral Flaws (right hand) {Will+ rCorr Int-3 Dex+4}
   (You acquired it on level 4 of the Dungeon)

   [ring of willpower]

   Int:       It affects your intelligence (-3).
   Dex:       It affects your dexterity (+4).
   rCorr:     It protects you from acid and corrosion.
   Will:      It increases your willpower.
 y - an amulet of reflection (around neck)
Wands
 e - a wand of iceblast (5)
 l - a wand of digging (10)
 p - a wand of flame (28)
 J - a wand of acid (1)
Scrolls
 g - 2 scrolls of butterflies
 k - a scroll of fear
 o - 2 scrolls of teleportation
 v - 3 scrolls of magic mapping {unknown}
 w - a scroll of blinking {unknown}
 z - a scroll of vulnerability {unknown}
 A - a scroll of poison
 B - a scroll of enchant armour {unknown}
 D - a scroll of fog {unknown}
 E - 2 scrolls of noise {unknown}
 F - a scroll of enchant weapon
Potions
 c - 3 potions of heal wounds
 d - 2 potions of attraction
 m - a potion of ambrosia {unknown}
 q - 2 potions of flight
 s - 2 potions of invisibility {unknown}
 t - 2 potions of might
 u - 2 potions of haste
 x - 6 potions of curing {unknown}
 C - a potion of mutation
 H - a potion of resistance {unknown}


   Skills:
 + Level 10.1 Fighting
 + Level 9.3 Maces & Flails
 + Level 9.8 Armour
 + Level 7.4 Dodging


You had 10 spell levels left.
You didn't know any spells.
Your spell library was empty.

Dungeon Overview and Level Annotations

Branches:
Dungeon (9/15)             Temple (1/1) D:5           Sewer (visited)
   Lair: D:8-11         Orc: D:9-12

Altars:
Ashenzari
Dithmenos
Elyvilon
Fedhas
Gozag
Hepliaklqana
Kikubaaqudgha
Makhleb
Nemelex Xobeh
Okawaru
Qazlal
Ru
Sif Muna
Trog
Uskayaw
Vehumet
Wu Jian
Xom
Yredelemnul
Zin

Shops:
D:4 [(**   D:8 *

Annotations:
D:8 2 runed translucent doors
D:9 Psyche


Innate Abilities, Weirdness & Mutations

You are immune to sickness and miasma.
Your stone body is resilient. (AC +8)
You are immune to poison.
You resist negative energy. (rN+)
You are resistant to electric shocks. (rElec)
You are resistant to unholy torment.
You are immune to petrification.
[Armour fits poorly on your strangely shaped body.]
[Your magical capacity is very low. (-20% MP)]


Message History

You block the large abomination's attack.
You sock the wretched star!
The wretched star is moderately damaged.
The purple very ugly thing completely misses you.
You sock the wretched star!
The wretched star is heavily damaged.
The large abomination hits you but does no damage.
The purple very ugly thing tail-slaps you!!
You bludgeon the wretched star!!
The wretched star is almost destroyed.
The large abomination hits you!!
* * * LOW HITPOINT WARNING * * *
You completely miss the wretched star.
The wretched star is almost destroyed.
The purple very ugly thing tail-slaps you but does no damage.
You sock the wretched star!
You destroy the wretched star!
Trog accepts your kill.
The large abomination hits you but does no damage.
The purple very ugly thing tail-slaps you!!
* * * LOW HITPOINT WARNING * * *
You closely miss the purple very ugly thing.
The large abomination barely misses you.
You sock the purple very ugly thing!
The purple very ugly thing is lightly wounded.
The purple very ugly thing tail-slaps you but does no damage.
You hit the purple very ugly thing. You drain the purple very ugly thing.
The purple very ugly thing is lightly wounded.
The large abomination misses you.
You bludgeon the purple very ugly thing!!
The purple very ugly thing is moderately wounded.
The purple very ugly thing tail-slaps you but does no damage.
You closely miss the purple very ugly thing.
The purple very ugly thing is moderately wounded.
The large abomination hits you but does no damage.
The purple very ugly thing barely misses you.
You sock the purple very ugly thing! You punch the purple very ugly thing.
The purple very ugly thing is heavily wounded.
The large abomination hits you!
You die...

.u . X ##.#
#### ...
##.X##. . ##
###.@#. .# ..
# #...#u..#.#.
#...#.##..#..#
# . #.#
#.#..#..#.# .
## . .
#.####..##
###..# .. ...#
. .#..#..# .
.### #
#.##..... ..
.#..# # # ....
#. #.## #.#


You could see a purple very ugly thing (drained) and a large abomination.

Vanquished Creatures
  Harold (D:8)
  A two-headed ogre (D:8)
  A wretched star (Abyss:1)
  Pikel (D:7)
  A cyclops (D:7)
  Joseph (D:8)
  A troll (D:6)
  A raiju (Abyss:1)
  Prince Ribbit (D:7)
  Sigmund (D:3)
  5 yaks
  A wyvern (D:8)
  Edmund (D:5)
  A water moccasin (D:8)
  Duvessa (D:5)
  3 orc warriors
  4 black bears
  An ice beast (D:7)
  4 sky beasts
  An ettin simulacrum (Abyss:1)
  4 centaurs
  4 ogres
  2 phantoms
  2 bullfrogs (D:8)
  5 scorpions
  Dowan (D:5)
  3 howler monkeys
  4 hounds
  10 jellies
  Crazy Yiuf (D:3)
  5 orc priests
  A gnoll bouda (D:6)
  3 iguanas
  2 orc wizards
  14 adders
  6 gnolls
  A river rat (Sewer)
  3 white imps
  4 ufetubi
  A worm (D:2)
  A dart slug (D:1)
  27 orcs
  11 endoplasms
  9 giant cockroaches
  3 goblins
  9 hobgoblins
  4 jackals (D:4)
  5 kobolds
  7 quokkas
  5 ball pythons
  10 bats
  7 frilled lizards
  7 rats
213 creatures vanquished.

Vanquished Creatures (others)
  2 orcs (D:9)
  A plant (D:9)
3 creatures vanquished.

Grand Total: 216 creatures vanquished

Notes
Turn   | Place    | Note
-------+----------+-------------------------------------------
     0 | D:1      | Borgoz the Gargoyle Berserker began the quest for the Orb.
     0 | D:1      | Reached XP level 1. HP: 14/14 MP: 1/1
   126 | D:1      | Found a large runed translucent door.
   126 | D:1      | Found a large runed translucent door.
   174 | D:1      | Reached XP level 2. HP: 11/19 MP: 2/2
   512 | D:1      | Reached XP level 3. HP: 23/23 MP: 3/3
   739 | D:1      | Reached ** piety under Trog
   964 | D:1      | Reached XP level 4. HP: 17/29 MP: 4/4
  1316 | D:2      | Identified the +3 dagger of the Valley {vorpal, Int+3
                  | Dex+4}
  1341 | D:2      | Noticed a scorpion
  1350 | D:2      | Killed a scorpion
  1351 | D:2      | Reached skill level 4 in Fighting
  1351 | D:2      | Reached XP level 5. HP: 27/33 MP: 5/5
  1515 | D:2      | Found a shimmering altar of Xom.
  1971 | D:3      | Found a white marble altar of Elyvilon.
  1972 | D:3      | Found an ancient bone altar of Kikubaaqudgha.
  1972 | D:3      | Found a sacrificial altar of Ru.
  1973 | D:3      | Found a radiant altar of Vehumet.
  1976 | D:3      | Found a burning altar of Makhleb.
  2023 | D:3      | Noticed Sigmund
  2046 | D:3      | Killed Sigmund
  2047 | D:3      | Reached XP level 6. HP: 39/39 MP: 6/6
  2390 | D:3      | Found a faded altar of an unknown god.
  2783 | D:3      | Found a runed translucent door.
  2784 | D:3      | Noticed Crazy Yiuf
  2843 | D:3      | Killed Crazy Yiuf
  2902 | D:4      | Identified a scroll of acquirement
  2902 | D:4      | Acquired the ring of Moral Flaws {Will+ rCorr Int-3 Dex+4}
  2923 | D:4      | Identified the +10 falchion of Fatigue {elec, +Blink rN+
                  | SInv}
  2955 | D:4      | Found Borgheuk's Antique Armour Boutique.
  2964 | D:4      | Found Zudd's Antique Weapon Emporium.
  3071 | D:4      | Found Pomibokk's General Store.
  3123 | D:4      | Reached skill level 5 in Fighting
  3157 | D:4      | Found a glowing drain.
  3176 | Sewer    | Entered a sewer
  3274 | Sewer    | Reached XP level 7. HP: 38/44 MP: 7/7
  3338 | Sewer    | Found a viscous altar of Jiyva.
  3347 | Sewer    | Reached *** piety under Trog
  3551 | D:4      | Found Roh Byij's General Store.
  3865 | D:4      | Reached skill level 5 in Maces & Flails
  4088 | D:5      | Entered Level 5 of the Dungeon
  4113 | D:5      | Found a shimmering blue altar of Sif Muna.
  4119 | D:5      | Reached skill level 5 in Armour
  4185 | D:5      | Noticed Edmund
  4200 | D:5      | Killed Edmund
  4201 | D:5      | Reached XP level 8. HP: 51/51 MP: 8/8
  4328 | D:5      | Reached skill level 6 in Fighting
  4351 | D:5      | Found a staircase to the Ecumenical Temple.
  4361 | Temple   | Entered the Ecumenical Temple
  4505 | D:5      | Noticed Duvessa
  4505 | D:5      | Noticed Dowan
  4512 | D:5      | Killed Duvessa
  4513 | D:5      | Killed Dowan
  4618 | D:5      | Found a hide-covered altar of Uskayaw.
  5124 | D:6      | Reached XP level 9. HP: 26/56 MP: 9/9
  5134 | D:6      | Reached skill level 7 in Fighting
  5143 | D:6      | Reached skill level 5 in Dodging
  5303 | D:6      | Found a transporter.
  5309 | D:6      | Noticed a troll
  5367 | D:6      | Found a hazy altar of Hepliaklqana.
  5496 | D:6      | Found a stormy altar of Qazlal.
  5898 | D:6      | Found a transporter.
  6084 | D:4      | Bought a spiked scale mail for 243 gold pieces
  6084 | D:4      | Identified the +6 scale mail of the Equinox {Regen+ Stlth+}
                  | (You bought it in a shop on level 4 of the Dungeon)
  6222 | D:6      | Killed a troll
  6229 | D:6      | Reached **** piety under Trog
  6289 | D:7      | Noticed Pikel
  6303 | D:7      | Killed Pikel
  6304 | D:7      | Reached skill level 8 in Fighting
  6311 | D:7      | Reached XP level 10. HP: 64/64 MP: 10/10
  6393 | D:7      | Noticed Prince Ribbit
  6408 | D:7      | Killed Prince Ribbit
  6815 | D:7      | Noticed a cyclops
  6830 | D:7      | Killed a cyclops
  7059 | D:8      | Noticed a rakshasa
  7059 | D:8      | Noticed a rakshasa
  7059 | D:8      | Noticed a cyclops
  7060 | D:8      | Found a runed translucent door.
  7062 | D:8      | Noticed a centaur warrior
  7062 | D:8      | Noticed an orc knight
  7389 | D:8      | Found Sotz's Assorted Antiques.
  7422 | D:8      | Bought 3 white potions for 94 gold pieces
  7534 | D:8      | Reached skill level 9 in Fighting
  7748 | D:8      | Found a runed translucent door.
  7827 | D:8      | Identified the +0 cloak of Unreason {-Cast rC+ rN++ Dex+2}
  8054 | D:8      | Noticed a gargoyle
  8054 | D:8      | Noticed a boulder beetle
  8102 | D:9      | Noticed a two-headed ogre
  8102 | D:9      | Noticed Harold
  8106 | D:9      | Noticed Joseph
  8150 | D:8      | Killed a two-headed ogre
  8177 | D:8      | Killed Joseph
  8178 | D:8      | Reached XP level 11. HP: 72/72 MP: 11/11
  8311 | D:8      | Killed Harold
  8381 | D:9      | Noticed Psyche
  8398 | Abyss:1  | Cast into level 1 of the Abyss (Psyche)
  8422 | Abyss:1  | Found a radiant altar of Vehumet.
  8509 | Abyss:1  | Reached skill level 10 in Fighting
  8559 | Abyss:1  | Found a corrupted altar of Lugonu.
  8616 | Abyss:1  | Noticed a wretched star
  8622 | Abyss:1  | Noticed a large abomination
  8622 | Abyss:1  | Noticed a purple very ugly thing
  8638 | Abyss:1  | Killed a wretched star
  8638 | Abyss:1  | HP: 2/108 [purple very ugly thing (19)]
  8644 | Abyss:1  | Slain by a large abomination

Illustrated notes

Levels and vault maps discovered:
D:1:      erik_arrival_cave_to_civilisation [erik_arrival_cave_to_temple],
          layout_basic
D:2:      layout_loops_ring, basic_altar, ebering_dispersal_statue_hall
D:3:      layout_loops_corners, minitemple, nicolae_ecumenical_lake_church,
          minmay_close_crescents, uniq_sigmund, uniq_crazy_yiuf_cottage
D:4:      layout_loops_ring, portal_sewer_entry_f, serial_shops,
          nicolae_stop_n_shop_1, shop, nicolae_shop_window_shopping, shop
D:5:      layout_loops_ring, mainiacjoe_overflow_boulevard,
          mainiacjoe_overflow_24_doors, minmay_temple_entry_large_hall,
          uniq_duvessa, uniq_edmund
D:6:      layout_basic, old_standard_altar, gammafunk_temple_overflow_arena,
          abandoned_shop, amcnicky_mini_pool_medium
D:7:      layout_basic, uniq_pikel, uniq_prince_ribbit1
D:8:      minmay_gate_of_8, layout_basic, serial_shops,
          nicolae_shop_overgrown_old_shop, wad_hexagon
D:9:      layout_roguey, xom_butterflies, grunt_lair_entry_orc_guard_hut,
          gammafunk_ghost_necromancy, minmay_ruined_shrine, uniq_joseph,
          uniq_psyche, uniq_harold
Temple:   hellmonk_temple_rainy
Abyss:1:  base: Temple, minivault_25_ag

Skill      XL: |  1  2  3  4  5  6  7  8  9 10 11 |
---------------+----------------------------------+-----
Dodging        | 2 3 4 5 7 |  7.4
Armour         | 3 4 5 6 7 9 |  9.8
Fighting       | 4 5 6 8 9 10 | 10.1
Maces & Flails | 4 5 6 7 8 9 |  9.3

Action                   |  1- 3 |  4- 6 |  7- 9 | 10-12 || total
-------------------------+-------+-------+-------+-------++-------
Melee: Mace              |   144 |       |       |       ||   144
       Morningstar       |       |   170 |    81 |       ||   251
       Punch             |       |       |     6 |     4 ||    10
       Flail             |       |       |   232 |   271 ||   503
       Unarmed           |       |       |       |     8 ||     8
Invok: Trog's Hand       |     1 |     1 |     1 |     1 ||     4
       Berserk           |       |     2 |     5 |     4 ||    11
Evoke: Wand              |       |       |     5 |     4 ||     9
  Use: Scroll            |     4 |    10 |     2 |     3 ||    19
       Potion            |       |       |       |     1 ||     1
Armor: Animal skin       |    47 |       |       |       ||    47
       Scale mail        |       |   105 |   162 |   138 ||   405
Dodge: Dodged            |   112 |   120 |   221 |   176 ||   629
Block: Other             |       |    13 |    88 |    58 ||   159
       Reflection        |       |       |     2 |     1 ||     3

Table legend: (Time is in decaauts)
 A = Elapsed time spent in this place.
 B = Non-inter-level travel time spent in this place.
 C = Inter-level travel time spent in this place.
 D = Time resting spent in this place.
 E = Time spent auto-exploring this place.
 F = Levels seen in this place.
 G = Mean time per level.
                   A        B        C        D        E       F      G
               +--------+--------+--------+--------+--------+-----+--------+
         Total |   8827 |   8357 |    470 |    494 |   5892 |  12 |  735.6 |
       Dungeon |   8234 |   7778 |    456 |    434 |   5600 |   9 |  914.9 |
        Temple |     27 |     13 |     14 |      0 |      9 |   1 |   27.0 |
         Abyss |    233 |    233 |      0 |      4 |    131 |   1 |  233.0 |
         Sewer |    331 |    331 |      0 |     56 |    152 |   1 |  331.0 |
               +--------+--------+--------+--------+--------+-----+--------+

Top non-repeatable levels by time:
     D:8: 1323 daAuts
     D:6: 1222 daAuts
     D:1: 1098 daAuts
     D:3: 1034 daAuts
     D:4: 989 daAuts
     D:5: 913 daAuts
     D:2: 853 daAuts
     D:7: 748 daAuts
   Sewer: 331 daAuts
 Abyss:1: 233 daAuts
     D:9: 51 daAuts
  Temple: 27 daAuts
